 Dungeon Crawl Stone Soup version 0.31.0-11-ge490571c62 (webtiles) character file.

Game seed: 4726565138076325026

187 Esekla the Slasher (level 5, -10/40 (43) HPs)
             Began as a Barachi Cinder Acolyte on Jan 27, 2024.
             Was a High Priest of Ignis.
             Killed by nerve-wracking pain
             ... invoked by a shadow imp
              (13 damage)
             ... on level 5 of the Dungeon.
             The game lasted 00:21:23 (3237 turns).

Esekla the Slasher (Barachi Cinder Acolyte)         Turns: 3237, Time: 00:21:23

HP:   -10/40 (43)   AC:  6    Str: 15    XL:     5   Next: 66%
MP:   1/8           EV: 11    Int: 17    God:    Ignis [*****.]
Gold: 171           SH:  0    Dex:  7    Spells: 3/8 levels left

rFire   + . .        a - +0 falchion (flame)
rCold   . . .        (no shield)
rNeg    . . .        b - +0 robe
rPois   .            k - +2 helmet
rElec   .            (no cloak)
rCorr   .            (no gloves)
SInv    .            g - +0 pair of boots
Will    .....        l - dreamdust necklace {Acrobat}
Stlth   +            (no ring)
HPRegen 0.26/turn    (no ring)
MPRegen 0.11/turn

%: acrobat
@: unable to hop, drained, slow
A: amphibious, slowness 1, strong legs 1, +LOS
a: Hop, Renounce Religion, Fiery Armour, Foxfire Swarm, Rising Flame


You were on level 5 of the Dungeon.
You worshipped Ignis.
Ignis was extremely pleased with you.
You visited 1 branch of the dungeon, and saw 5 of its levels.

You collected 171 gold pieces.

Inventory:

Hand Weapons
 a - a +0 falchion of flaming (weapon)
 f - a +1 dagger of freezing
Armour
 b - a +0 robe (worn)
 g - a +0 pair of boots (worn)
 k - a +2 helmet (worn)
Jewellery
 l - the dreamdust necklace (around neck) {Acrobat}
   (You found it on level 2 of the Dungeon)

   [amulet of the acrobat]

   Acrobat:   It increases your evasion while moving and waiting.
Wands
 r - a wand of paralysis (11)
Scrolls
 c - 2 scrolls of enchant weapon
 h - a scroll of immolation {unknown}
 j - a scroll of noise
Potions
 d - a potion of attraction {unknown}
 e - a potion of lignification {unknown}
 q - a potion of ambrosia {unknown}


   Skills:
 * Level 4.3 Fighting
 + Level 0.5(3.0) Short Blades
 * Level 5.2 Long Blades
 + Level 1.7 Dodging
 * Level 2.2 Spellcasting
 * Level 0.6 Translocations
 + Level 3.7 Fire Magic
 * Level 1.3 Ice Magic


You had 3 spell levels left.
You knew the following spells:

 Your Spells              Type           Power      Damage    Failure   Level
o - Scorch                Fire           28%        2d6       6%          2
r - Frozen Ramparts       Ice            12%        1d2       32%         3

Your spell library contained the following spells:

 Spells                   Type           Power      Damage    Failure   Level
 Freeze                   Ice            24%        1d4       11%         1
 Magic Dart               Conj           4%         1d3       19%         1
 Blink                    Tloc           8%         N/A       22%         2
 Call Imp                 Summ           2%         N/A       28%         2
 Hailstorm                Conj/Ice       4%         3d5       38%         3
 Flame Wave               Conj/Fire      8%         2d5       65%         4
 Summon Cactus Giant      Summ           0%         N/A       100%        6


Dungeon Overview and Level Annotations

Branches:
Dungeon (5/15)
 Temple: D:4-7

Altars:
Makhleb
Uskayaw
Vehumet

Annotations:
D:2 1 runed translucent door, Crazy Yiuf
D:3 Natasha


Innate Abilities, Weirdness & Mutations

You are amphibious.
You cover ground slowly.
You can hop short distances.
You have an extended range of vision and can be seen from far away.


Message History

You hit the scorpion. You burn the scorpion.
The scorpion is almost dead.
You feel very sick.
The scorpion stings you but does no damage.
You barely miss the scorpion.
The scorpion is almost dead.
You feel sick. The scorpion barely misses you. x2
You hit the scorpion. You burn the scorpion.
You kill the scorpion!
You feel sick.
You feel sick.
You feel sick. The wight attacks as it pursues you!
The wight completely misses you.
You feel sick.
Casting: Scorch (safe; 6% risk of failure)
Confirm with . or Enter, or press ? or * to list all spells.
Flames lash the wight.
The wight is lightly damaged.
The wight's fire resistance burns away.
You feel sick. The wight hits you with a +4 hand axe!
* * * LOW HITPOINT WARNING * * *
You feel drained.
* * * LOW HITPOINT WARNING * * *
Casting: Scorch (safe; 6% risk of failure)
Confirm with . or Enter, or press ? or * to list all spells.
Flames lash the shadow imp.
The shadow imp is moderately wounded.
The shadow imp's fire resistance burns away.
* * * LOW HITPOINT WARNING * * *
You feel sick.
You are no longer poisoned.
The wight barely misses you.
Hop to where?
Press: ? - help, Dir - move target Boing!
Found a leather armour.
There is a stone staircase leading down here.
The shadow imp gestures at you. Pain shoots through your body!
You die...

#.# #h# #.# #z# #.#
#5# #.# #z### #.#
#...# # #)#####.#
#####.# #.......#
##......#
#.......###.......#
#.......##.@......#
#........z....!.....
#..................[
#......5............
#.##................
#5##.#..............
#†##.#.............#
###.#.5#..............
#.....##..............


You could see a wight and a shadow imp.

Vanquished Creatures
  A scorpion (D:5)
  Robin (D:1)
  2 adders (D:4)
  3 dart slugs
  A ribbon worm (D:2)
  4 orcs (D:3)
  4 endoplasms
  5 giant cockroaches
  12 goblins
  8 hobgoblins
  13 jackals
  A quokka (D:2)
  6 ball pythons
  5 bats
  A frilled lizard (D:1)
  5 kobolds
  10 rats
82 creatures vanquished.

Notes
Turn   | Place    | Note
-------+----------+-------------------------------------------
     0 | D:1      | Esekla the Barachi Cinder Acolyte began the quest for the
                  | Orb.
     0 | D:1      | Reached XP level 1. HP: 18/18 MP: 2/2
   289 | D:1      | Reached XP level 2. HP: 23/25 MP: 3/3
   292 | D:1      | Learned a level 2 spell: Scorch
   336 | D:1      | Reached skill level 4 in Long Blades
   500 | D:1      | Reached XP level 3. HP: 13/30 MP: 4/4
  1296 | D:2      | Found a faded altar of an unknown god.
  1314 | D:2      | Reached XP level 4. HP: 32/37 MP: 6/6
  1378 | D:2      | Learned a level 3 spell: Frozen Ramparts
  1381 | D:2      | Noticed Robin
  1402 | D:1      | Killed Robin
  1403 | D:1      | Reached skill level 1 in Dodging
  1674 | D:2      | Found the dreamshard necklace {Acrobat *Dream}
  1809 | D:2      | Found a runed translucent door.
  1816 | D:2      | Noticed Crazy Yiuf
  2263 | D:3      | Reached skill level 5 in Long Blades
  2286 | D:3      | Noticed Natasha
  2358 | D:4      | Reached XP level 5. HP: 33/42 MP: 0/8
  2490 | D:4      | Found a radiant altar of Vehumet.
  2490 | D:4      | Found a burning altar of Makhleb.
  2910 | D:4      | Reached skill level 1 in Ice Magic
  3014 | D:4      | Found a hide-covered altar of Uskayaw.
  3072 | D:5      | Entered Level 5 of the Dungeon
  3200 | D:5      | Identified a scroll of acquirement
  3200 | D:5      | Acquired a book of Weapons
  3205 | D:5      | Saved by the dreamshard amulet
  3229 | D:5      | HP: 2/40 [wight/+4 hand axe (4)]
  3237 | D:5      | Killed from afar by a shadow imp

Illustrated notes

Levels and vault maps discovered:
D:1:      dpeg_arrival_snail, layout_loops_ring, minmay_rat_gold_closets
D:2:      layout_loops_cross, hellmonk_ecumenical_altar_dog_temple, uniq_robin,
          uniq_crazy_yiuf_cottage
D:3:      layout_basic, amethyst_overflow_temple_binary,
          mainiacjoe_overflow_24_doors, hellmonk_sif_muna_bookshelves,
          hangedman_decor_growths, uniq_grinder, uniq_sigmund, uniq_natasha
D:4:      layout_basic, grunt_temple_overflow_lords_of_destruction,
          mainiacjoe_overflow_chevrons, gammafunk_ghost_necromancy,
          guppyfry_early_lair_pool
D:5:      lemuel_insect_pit, layout_rooms, serial_shops, nicolae_shop_tiny_glass

Skill      XL: |  1  2  3  4  5 |
---------------+----------------+-----
Long Blades    | 4 5 |  5.2
Fighting       | 4 |  4.3
Dodging        | 1 |  1.7
Spellcasting   | 2 |  2.2
Ice Magic      | 1 |  1.3
Short Blades   | |  0.5
Translocations | |  0.6
Fire Magic     | |  3.7

Action                     |  1- 3 |  4- 6 || total
---------------------------+-------+-------++-------
  Melee: Falchion          |   126 |    94 ||   220
         Dagger            |       |   180 ||   180
         Punch             |       |     2 ||     2
   Cast: Scorch            |    11 |    27 ||    38
         Frozen Ramparts   |       |     5 ||     5
Ability: Hop               |     1 |     3 ||     4
    Use: Scroll            |       |     6 ||     6
         Potion            |       |     2 ||     2
   Stab: Sleeping          |     2 |       ||     2
 Armour: Robe              |    75 |   172 ||   247
  Dodge: Dodged            |    77 |   171 ||   248
